APL (24 & UNDER)
STATE COLLEGE SPIKES @ SCOTTSDALE SCORPIONS
07/10/2025
 
TOP OF THE 1ST
State College Spikes batting - Pitching for Scottsdale Scorpions : RHP Sloan Numbers
Pitching: RHP Sloan Numbers
Batting: RHB Nick Mackin 0-0: Called Strike
0-1: Ball
1-1: Swinging Strike
1-2: Strikes out swinging
Batting: SHB Clint Woods 0-0: Called Strike
0-1: Foul Ball, location: 2F
0-2: Ball
1-2: Ball
2-2: Foul Ball, location: 2F
2-2: Fly out, F8 (Popup, 4MD)
Batting: RHB Mike Ingram 0-0: Called Strike
0-1: Ball
1-1: DOUBLE (Flyball, 9LM)
Batting: RHB Eric Knight 0-0: Ball
1-0: Called Strike
1-1: Fly out, F9 (Flyball, 89M)
Top of the 1st over - 0 run(s), 1 hit(s), 0 error(s), 1 left on base; State College 0 - Scottsdale 0
BOTTOM OF THE 1ST
Scottsdale Scorpions batting - Pitching for State College Spikes : RHP Francisco Álvarez
Pitching: RHP Francisco Álvarez
Batting: SHB William Daly 0-0: Ball
1-0: Foul Ball, location: 2F
1-1: Ball
2-1: Foul Ball, location: 2F
2-2: Foul Ball, location: 2F
2-2: Foul Ball, location: 2F
2-2: DOUBLE (Line Drive, 9LM)
Batting: RHB David Suarze 0-0: Ball
1-0: Swinging Strike
1-1: Swinging Strike
1-2: Ball
2-2: Strikes out looking
Batting: RHB Jared Thompson 0-0: Swinging Strike
0-1: Ball
1-1: Swinging Strike
Reached via error on a dropped throw, E3
William Daly to third
Batting: SHB Brian Moyer 0-0: Ball
1-0: Ball
2-0: Ball
3-0: Called Strike
3-1: Base on Balls
Jared Thompson to second
Batting: LHB Claudio Rodríguez 0-0: Swinging Strike
0-1: Ball
1-1: Swinging Strike
1-2: Strikes out looking
Batting: RHB Geomar Dalsoglio 0-0: Ball
1-0: Ball
2-0: Ball
3-0: Called Strike
3-1: Foul Ball, location: 2F
3-2: Ground out 5-3 (Groundball, 56S)
Bottom of the 1st over - 0 run(s), 1 hit(s), 1 error(s), 3 left on base; State College 0 - Scottsdale 0
TOP OF THE 2ND
State College Spikes batting - Pitching for Scottsdale Scorpions : RHP Sloan Numbers
Batting: LHB Burt Ward 0-0: Ball
1-0: Ball
2-0: Called Strike
2-1: Foul Ball, location: 2F
2-2: Foul Ball, location: 2F
2-2: Ball
3-2: Base on Balls
Batting: RHB Alonzo Herrera 0-0: Foul Ball, location: 2F
0-1: Swinging Strike
0-2: Foul Ball, location: 2F
0-2: Ball
1-2: Foul Ball, location: 2F
1-2: Strikes out looking
Batting: LHB Robin Jamieson 0-0: Ball
1-0: Ball
2-0: Grounds out, U3 (Groundball, 3L)
Batting: RHB Luis Montoya 0-0: Ball
1-0: Foul Ball, location: 2F
1-1: Called Strike
1-2: Strikes out swinging
Top of the 2nd over - 0 run(s), 0 hit(s), 0 error(s), 1 left on base; State College 0 - Scottsdale 0
BOTTOM OF THE 2ND
Scottsdale Scorpions batting - Pitching for State College Spikes : RHP Francisco Álvarez
Batting: RHB Edgardo Gonzáles 0-0: Called Strike
0-1: Ball
1-1: SINGLE (Flyball, 7LM)
Batting: LHB Ernesto Hernández 0-0: Ball
1-0: Fielders Choice at 2nd, 1-6 (Groundball, 15S)
Batting: RHB Cristián Román 0-0: Ball
1-0: Called Strike
1-1: Foul Ball, location: 2F
1-2: Strikes out swinging
Batting: SHB William Daly 0-0: Foul Ball, location: 2F
0-1: Ball
1-1: 2-RUN HOME RUN (Flyball, 7D), Distance : 347 ft
Batting: RHB David Suarze 0-0: DOUBLE (Groundball, 3D)
Batting: RHB Jared Thompson 0-0: Foul Ball, location: 2F
0-1: Called Strike
0-2: Ball
1-2: Strikes out swinging
Bottom of the 2nd over - 2 run(s), 3 hit(s), 0 error(s), 1 left on base; State College 0 - Scottsdale 2
TOP OF THE 3RD
State College Spikes batting - Pitching for Scottsdale Scorpions : RHP Sloan Numbers
Batting: RHB Javier Peña 0-0: Ball
1-0: Swinging Strike
1-1: Ball
2-1: Fly out, F8 (Flyball, 8LM)
Batting: RHB Nick Mackin 0-0: Called Strike
0-1: Ball
1-1: Ball
2-1: Swinging Strike
2-2: Ground out 6-3 (Groundball, 6)
Batting: SHB Clint Woods 0-0: Ball
1-0: Ball
2-0: Ball
3-0: Foul Ball, location: 2F
3-1: Base on Balls
Batting: RHB Mike Ingram 0-0: Called Strike
0-1: Ball
1-1: Foul Ball, location: 2F
1-2: Ground out 5-3 (Groundball, 56)
Top of the 3rd over - 0 run(s), 0 hit(s), 0 error(s), 1 left on base; State College 0 - Scottsdale 2
BOTTOM OF THE 3RD
Scottsdale Scorpions batting - Pitching for State College Spikes : RHP Francisco Álvarez
Batting: SHB Brian Moyer 0-0: Ball
1-0: Ball
2-0: Ball
3-0: Foul Ball, location: 2F
3-1: DOUBLE (Flyball, 7LD)
Batting: LHB Claudio Rodríguez 0-0: Called Strike
Single, Error in OF, E8, batter to second base
Brian Moyer scores
Batting: RHB Geomar Dalsoglio 0-0: Fly out, F9 (Popup, 89S)
Batting: RHB Edgardo Gonzáles 0-0: Swinging Strike
0-1: Foul Ball, location: 2F
0-2: Ball
1-2: Fly out, F6 (Popup, 6M)
Batting: LHB Ernesto Hernández 0-0: Foul Ball, location: 2F
0-1: Swinging Strike
0-2: Strikes out swinging
Bottom of the 3rd over - 1 run(s), 2 hit(s), 1 error(s), 1 left on base; State College 0 - Scottsdale 3
TOP OF THE 4TH
State College Spikes batting - Pitching for Scottsdale Scorpions : RHP Sloan Numbers
Batting: RHB Eric Knight 0-0: Swinging Strike
0-1: Foul Ball, location: 2F
0-2: Ball
1-2: Ball
2-2: Strikes out swinging
Batting: LHB Burt Ward 0-0: Ball
1-0: Foul Ball, location: 2F
1-1: SOLO HOME RUN (Flyball, 8RXD), Distance : 401 ft
Batting: RHB Alonzo Herrera 0-0: Called Strike
0-1: Ball
1-1: Ball
2-1: Ball
3-1: Foul Ball, location: 2F
3-2: Strikes out looking
Batting: LHB Robin Jamieson 0-0: Swinging Strike
0-1: Swinging Strike
0-2: Foul Ball, location: 2F
0-2: Ball
1-2: Ball
2-2: Ball
3-2: Strikes out swinging
Top of the 4th over - 1 run(s), 1 hit(s), 0 error(s), 0 left on base; State College 1 - Scottsdale 3
BOTTOM OF THE 4TH
Scottsdale Scorpions batting - Pitching for State College Spikes : RHP Francisco Álvarez
Batting: RHB Cristián Román 0-0: Ball
1-0: Called Strike
1-1: Swinging Strike
1-2: Ball
2-2: Fly out, F6 (Line Drive, 6)
Batting: SHB William Daly 0-0: Foul Ball, location: 2F
0-1: Ball
1-1: Called Strike
1-2: Ball
2-2: SINGLE (Flyball, 7LS)
Batting: RHB David Suarze 0-0: Ball
1-0: Ball
2-0: Foul Ball, location: 2F
2-1: Foul Ball, location: 2F
2-2: Ball
William Daly is caught stealing 2nd base
3-2: Hit by Pitch
Batting: RHB Jared Thompson 0-0: Ball
David Suarze is caught stealing 2nd base
Bottom of the 4th over - 0 run(s), 1 hit(s), 0 error(s), 0 left on base; State College 1 - Scottsdale 3
TOP OF THE 5TH
State College Spikes batting - Pitching for Scottsdale Scorpions : RHP Sloan Numbers
Batting: RHB Luis Montoya 0-0: Ball
1-0: Ball
2-0: Fly out, F7 (Flyball, 7S)
Batting: RHB Javier Peña 0-0: Called Strike
0-1: Called Strike
0-2: Ground out 6-3 (Groundball, 6M)
Batting: RHB Nick Mackin 0-0: Ball
1-0: Called Strike
1-1: Ball
2-1: Ball
3-1: Foul Ball, location: 2F
3-2: Strikes out swinging
Top of the 5th over - 0 run(s), 0 hit(s), 0 error(s), 0 left on base; State College 1 - Scottsdale 3
BOTTOM OF THE 5TH
Scottsdale Scorpions batting - Pitching for State College Spikes : RHP Francisco Álvarez
Batting: RHB Jared Thompson 0-0: Ball
1-0: Called Strike
1-1: Ball
2-1: SINGLE (Groundball, 6D)
Batting: SHB Brian Moyer 0-0: Ball
1-0: Ball
2-0: Called Strike
2-1: Called Strike
Jared Thompson steals 2nd base
2-2: Foul Ball, location: 2F
2-2: Ground out 1-3 (Groundball, 13S)
Jared Thompson to third
Pitching: LHP Alberto Ruíz
Batting: LHB Claudio Rodríguez 0-0: Ball
1-0: Ball
2-0: Called Strike
2-1: Called Strike
2-2: Fly out, F8 (Flyball, 8LD)
Runner from 3rd tags up, SCORES, no throw
Batting: RHB Geomar Dalsoglio 0-0: Called Strike
0-1: Hit by Pitch
Batting: RHB Edgardo Gonzáles 0-0: Ball
Geomar Dalsoglio is caught stealing 2nd base
Bottom of the 5th over - 1 run(s), 1 hit(s), 0 error(s), 0 left on base; State College 1 - Scottsdale 4
TOP OF THE 6TH
State College Spikes batting - Pitching for Scottsdale Scorpions : RHP Sloan Numbers
Pitching: RHP Sterling Caldwell
Batting: SHB Clint Woods 0-0: Ball
1-0: Ball
2-0: Foul Ball, location: 2F
2-1: Ball
3-1: Base on Balls
Batting: RHB Mike Ingram 0-0: Ball
1-0: Ball
2-0: Grounds into double play, 6-4-3 (Groundball, 6)
Batting: RHB Eric Knight 0-0: Ball
1-0: Called Strike
1-1: Ball
2-1: Foul Ball, location: 2F
2-2: Ball
3-2: Base on Balls
Batting: LHB Burt Ward 0-0: Called Strike
Eric Knight is caught stealing 2nd base
Top of the 6th over - 0 run(s), 0 hit(s), 0 error(s), 0 left on base; State College 1 - Scottsdale 4
BOTTOM OF THE 6TH
Scottsdale Scorpions batting - Pitching for State College Spikes : LHP Alberto Ruíz
Batting: RHB Edgardo Gonzáles 0-0: SINGLE (Groundball, 4M)
Batting: LHB Ernesto Hernández 0-0: Called Strike
0-1: Ball
1-1: Ball
2-1: Swinging Strike
2-2: Strikes out swinging
Batting: RHB Cristián Román 0-0: Called Strike
0-1: Ball
1-1: Ball
2-1: Called Strike
2-2: Strikes out swinging
Batting: SHB William Daly 0-0: Called Strike
0-1: Ball
1-1: Foul Ball, location: 2F
1-2: Ball
2-2: Foul Ball, location: 2F
2-2: Fielders Choice at 2nd, U4 (Groundball, 4M)
Bottom of the 6th over - 0 run(s), 1 hit(s), 0 error(s), 1 left on base; State College 1 - Scottsdale 4
TOP OF THE 7TH
State College Spikes batting - Pitching for Scottsdale Scorpions : RHP Sterling Caldwell
Batting: LHB Burt Ward 0-0: Foul Ball, location: 2F
0-1: Ball
1-1: Ball
2-1: Foul Ball, location: 2F
2-2: Ball
3-2: Base on Balls
Batting: RHB Alonzo Herrera 0-0: Ball
1-0: Ball
2-0: Foul Ball, location: 2F
2-1: Ball
3-1: Foul Ball, location: 2F
3-2: Strikes out looking
Burt Ward steals 2nd base
Batter strikes out.
Batting: LHB Robin Jamieson 0-0: Ball
1-0: Ball
2-0: Ground out U3 (Groundball, 3S)
Burt Ward to third
Batting: RHB Luis Montoya 0-0: Hit by Pitch
Pitching: RHP Alejandro Guzmán
Pinch Runner at 1st Marino Landino:
Batting: RHB Javier Peña 0-0: Ball
1-0: Ground out 6-3 (Groundball, 6)
Top of the 7th over - 0 run(s), 0 hit(s), 0 error(s), 2 left on base; State College 1 - Scottsdale 4
BOTTOM OF THE 7TH
Scottsdale Scorpions batting - Pitching for State College Spikes : LHP Alberto Ruíz
Now at SS: Marino Landino
Batting: RHB David Suarze 0-0: Ground out 5-3 (Groundball, 5S)
Pitching: RHP Willis Springer
Batting: RHB Jared Thompson 0-0: Called Strike
0-1: Ball
1-1: Called Strike
1-2: SINGLE (Groundball, 6M) (infield hit)
Batting: SHB Brian Moyer 0-0: Called Strike
0-1: Ball
1-1: Ball
2-1: Ball
3-1: Base on Balls
Jared Thompson to second
Batting: LHB Claudio Rodríguez 0-0: Called Strike
0-1: Called Strike
0-2: Ball
1-2: Ball
2-2: Ball
3-2: Foul Ball, location: 2F
3-2: Foul Ball, location: 2F
3-2: Foul Ball, location: 2F
3-2: Foul Ball, location: 2F
3-2: Foul Ball, location: 2F
3-2: Base on Balls
Jared Thompson to third
Brian Moyer to second
Batting: RHB Geomar Dalsoglio 0-0: Hit by Pitch
Jared Thompson scores
Brian Moyer to third
Claudio Rodríguez to second
Batting: RHB Edgardo Gonzáles 0-0: Ball
1-0: Called Strike
1-1: Ball
2-1: Ball
3-1: Foul Ball, location: 2F
3-2: Foul Ball, location: 2F
3-2: Foul Ball, location: 2F
3-2: Foul Ball, location: 2F
3-2: SINGLE (Line Drive, 8LS)
Brian Moyer scores
Claudio Rodríguez to third
Geomar Dalsoglio to second
Runner from 3rd tries for Home, SAFE, throw made home
Geomar Dalsoglio to third
Edgardo Gonzáles to second
Batting: LHB Ernesto Hernández 0-0: Ball
1-0: Ball
2-0: Called Strike
2-1: Fly out, F8 (Flyball, 8LM)
Runner from 3rd tags up, SCORES, no throw
Pitching: RHP António Córdova
Batting: RHB Cristián Román 0-0: Ball
1-0: Swinging Strike
1-1: Foul Ball, location: 2F
1-2: Strikes out swinging
Bottom of the 7th over - 4 run(s), 2 hit(s), 0 error(s), 1 left on base; State College 1 - Scottsdale 8
TOP OF THE 8TH
State College Spikes batting - Pitching for Scottsdale Scorpions : RHP Alejandro Guzmán
Pitching: RHP Frank Martin
Now in CF: Felipe Domínguez
Batting: RHB Nick Mackin 0-0: Swinging Strike
0-1: Ball
1-1: Ground out 5-3 (Groundball, 5)
Batting: SHB Clint Woods 0-0: Foul Ball, location: 2F
0-1: Ball
1-1: Ball
2-1: Ball
3-1: Base on Balls
Batting: RHB Mike Ingram 0-0: Foul Ball, location: 2F
0-1: Foul Ball, location: 2F
0-2: Strikes out swinging
Batting: RHB Eric Knight 0-0: Ball
1-0: Ball
2-0: Foul Ball, location: 2F
2-1: DOUBLE (Line Drive, 5L)
Clint Woods to third
Runner from 3rd tries for Home, SAFE, no throw or cutoff
Batting: LHB Burt Ward 0-0: Foul Ball, location: 2F
0-1: Ball
1-1: Fly out, F1 (Popup, 25F)
Top of the 8th over - 1 run(s), 1 hit(s), 0 error(s), 1 left on base; State College 2 - Scottsdale 8
BOTTOM OF THE 8TH
Scottsdale Scorpions batting - Pitching for State College Spikes : RHP António Córdova
Batting: SHB William Daly 0-0: SINGLE (Groundball, 6M)
Batting: RHB David Suarze 0-0: Foul Ball, location: 2F
0-1: Called Strike
0-2: Ball
1-2: Ball
2-2: Ball
3-2: Foul Ball, location: 2F
3-2: Foul Ball, location: 2F
3-2: Base on Balls
William Daly to second
Batting: RHB Jared Thompson 0-0: Ball
1-0: Ball
2-0: Ball
3-0: Base on Balls
William Daly to third
David Suarze to second
Batting: SHB Brian Moyer 0-0: Called Strike
0-1: Foul Ball, location: 2F
0-2: Fly out, F5 (Popup, 5SF)
Batting: LHB Claudio Rodríguez 0-0: Ball
1-0: Ball
2-0: Called Strike
2-1: Foul Ball, location: 2F
2-2: Strikes out swinging
Batting: RHB Geomar Dalsoglio 0-0: Ball
1-0: Swinging Strike
1-1: Ball
2-1: Fly out, F9 (Flyball, 9M)
Bottom of the 8th over - 0 run(s), 1 hit(s), 0 error(s), 3 left on base; State College 2 - Scottsdale 8
TOP OF THE 9TH
State College Spikes batting - Pitching for Scottsdale Scorpions : RHP Frank Martin
Batting: RHB Alonzo Herrera 0-0: Ball
1-0: Ground out 6-3 (Groundball, 6)
Batting: LHB Robin Jamieson 0-0: Ball
1-0: Swinging Strike
1-1: Foul Ball, location: 2F
1-2: Strikes out swinging
Batting: RHB Marino Landino 0-0: Called Strike
0-1: Swinging Strike
0-2: Ball
1-2: Ball
2-2: Foul Ball, location: 2F
2-2: Strikes out swinging
Top of the 9th over - 0 run(s), 0 hit(s), 0 error(s), 0 left on base; State College 2 - Scottsdale 8
This league is powered by Out of the Park Baseball, the baseball management simulation game for PC, Mac and Linux
Tuesday, August 2nd, 2016 - OOTP Baseball 16.8 Build 38